 Dungeon Crawl Stone Soup version 0.21.1-1-g345015f (webtiles) character file.

5702 vatarom the Agent of Entropy (level 10, -2/70 HPs)
             Began as a Demonspawn Abyssal Knight on Apr 30, 2018.
             Was a Priest of Lugonu.
             Slain by a yak (13 damage)
             ... on level 9 of the Dungeon.
             The game lasted 00:20:12 (11572 turns).

vatarom the Agent of Entropy (DsAK)                Turns: 11572, Time: 00:20:13

Health: -2/70      AC:  7    Str: 13    XL:     10   Next: 48%
Magic:  19/19      EV: 16    Int: 14    God:    Lugonu [***...]
Gold:   389        SH:  3    Dex: 13    Spells: 9/9 levels left

rFire    + . .     SeeInvis .   r - +0 long sword
rCold    . . .     Gourm    .   (no shield)
rNeg     + . .     Faith    .   q - +2 leather armour {rPois}
rPois    +         Spirit   .   (no helmet)
rElec    .         Reflect  +   d - scarf {cloud immunity}
rCorr    .         Harm     .   (no gloves)
MR       .....                  z - +0 pair of boots
Stlth    +.........             a - +3 amulet of reflection (curse)
HPRegen  0.21/turn              o - ring of positive energy
MPRegen  0.16/turn              (no ring)

@: berserk cooldown, flying, very slightly contaminated, slowed, invisible, very
slow
A: icy blue scales 2, clumsy 1, deformed body, demonic guardian 1, fire
resistance 1, foul stench 1, screaming 1, wild magic 1, rot immunity
a: Depart the Abyss, Bend Space, Banish, Renounce Religion


You were on level 9 of the Dungeon.
You worshipped Lugonu.
Lugonu was most pleased with you.
You were not hungry.

You visited 2 branches of the dungeon, and saw 10 of its levels.
You visited the Abyss 1 time.

You collected 389 gold pieces.

Inventory:

Hand Weapons
 r - a +0 long sword (weapon)
Armour
 d - a scarf of cloud immunity (worn)
 q - a +2 leather armour of poison resistance (worn)
 z - a +0 pair of boots (worn)
Jewellery
 a - a cursed +3 amulet of reflection (around neck)
 o - a ring of positive energy (left hand)
Wands
 i - a wand of digging (13)
 A - a wand of flame (60)
Scrolls
 e - 2 scrolls of enchant armour
 g - 5 scrolls of remove curse
 j - a scroll of fear
 k - 6 scrolls of amnesia
 p - 5 scrolls of teleportation
 s - a scroll of enchant weapon
 u - a scroll of fog {unknown}
 v - a scroll of immolation {unknown}
 B - a scroll of identify
Potions
 h - 4 potions of haste
 l - 2 potions of agility
Books
 m - a book of Geomancy

   Spells                             Type                      Level
   a - Sandblast                      Earth                        1
   b - Passwall                       Transmutation/Earth          2
   c - Stone Arrow                    Conjuration/Earth            3
   d - Petrify                        Transmutation/Earth          4
   e - Lee's Rapid Deconstruction     Earth                        5
 t - a book of Changes

   Spells                             Type                      Level
   a - Beastly Appendage              Transmutation                1
   b - Sticks to Snakes               Transmutation                2
   c - Spider Form                    Transmutation/Poison         3
   d - Ice Form                       Ice/Transmutation            4
   e - Blade Hands                    Transmutation                5
 y - a book of Power

   Spells                             Type                      Level
   a - Iskenderun's Battlesphere      Conjuration/Charms           5
   b - Venom Bolt                     Conjuration/Poison           5
   c - Bolt of Magma                  Conjuration/Fire/Earth       5
   d - Iron Shot                      Conjuration/Earth            6
   e - Orb of Destruction             Conjuration                  7
   f - Spellforged Servitor           Conjuration/Summoning        7
Comestibles
 c - 14 rations


   Skills:
 - Level 3.0 Fighting
 + Level 8.2 Long Blades
 - Level 1.7 Armour
 * Level 7.9 Dodging
 * Level 12.8 Invocations


You had 9 spell levels left.
You didn't know any spells.

Dungeon Overview and Level Annotations

Branches:
Dungeon (9/15)             Temple (1/1) D:4
   Lair: D:8-11         Orc: D:9-12

Altars:
Ashenzari
Cheibriados
Dithmenos
Elyvilon
Fedhas
Gozag
Hepliaklqana
Kikubaaqudgha
Makhleb
Nemelex Xobeh
Okawaru
Qazlal
Ru
Sif Muna
Trog
Uskayaw
Vehumet
Wu Jian
Xom
Yredelemnul
Zin
The Shining One

Annotations:
Abyss:1 Joseph, Maurice, Pikel


Innate Abilities, Weirdness & Mutations

You are mostly covered in icy blue scales. (AC +3)
A weak demonic guardian rushes to your aid.
You may emit foul miasma when damaged in melee.
You are immune to rotting.
You are clumsy. (Dex -2)
Armour fits poorly on your strangely shaped body.
Your flesh is heat resistant. (rF+)
You occasionally shout uncontrollably at your foes.
Your spells are a little harder to cast, but a little more powerful.


Message History

Your ufetubus barely misses the yak.
Your ufetubus hits the yak but does no damage.
Your ufetubus closely misses the yak.
The yak barely misses your ufetubus.
It was a potion of invisibility.
You fade into invisibility!
Your ufetubus hits the yak.
Your ufetubus barely misses the yak.
The yak gores your ufetubus!
Your ufetubus dies!
You are very lightly contaminated with residual magic.
Unknown command.
It was a potion of flight.
You feel very buoyant.
You fly up into the air.
The yak barely misses you.
Unknown command.
You closely miss the yak.
The yak is moderately wounded.
The yak gores you.
* * * LOW HITPOINT WARNING * * *
The yak gores you!
You die...

#.######..#
#.######..
#.# #..#
#.#
.#######.#
#..######.#
.........#
#.........#
.........#
#..|......#
#..
.######..#
#.........#
#.Y #..#
#.#######[#
#.. #(.#
#.# #.# #Y.
#.)# #@#
#.# #Y.
#..# #Y#
#.# #Y.
#..# #Y#
#.# #..
#..######Y#
#.######..
#.......Yh#
#...Y.....
#...####..#
#.........
#...# #..#
#.######..
#...# #..#
#.# #..
#...# #..#
#.# #..


You could see 4 yaks and a howler monkey.

Vanquished Creatures
  5 yaks (D:9)
  3 ice beasts
  A sky beast (D:8)
  An eye of draining (D:9)
  A phantom (D:7)
  A necrophage (D:8)
  3 ogres
  3 centaurs
  The ghost of Tiareth the Grasshopper, an amateur DEWr (D:3)
  4 bullfrogs
  A scorpion (D:8)
  13 killer bees
  3 howler monkeys
  A bullfrog zombie (D:9)
  5 crimson imps (D:8)
  A bullfrog skeleton (D:5)
  5 hounds
  3 orc wizards
  2 orc priests
  2 iguanas
  8 worker ants
  7 gnolls
  7 adders
  2 shadow imps
  2 white imps (D:8)
  An ooze (D:1)
  4 adder skeletons
  3 worms
  4 dart slugs
  3 leopard geckos
  19 orcs
  7 bats
  7 giant cockroaches
  5 hobgoblins
  7 jackals
  5 quokkas
  A ball python (D:2)
  6 frilled lizards
  A giant cockroach zombie (D:5)
  8 goblins
  2 kobolds
  A leopard gecko skeleton (D:5)
  A quokka skeleton (D:6)
  7 rats
177 creatures vanquished.

Vanquished Creatures (collateral kills)
  A sky beast (D:7)
  A phantom (D:5)
  2 ogres
  A killer bee (D:8)
  2 crimson imps (D:8)
  2 orc wizards (D:6)
  A worker ant (D:4)
  A white imp (D:8)
  2 orcs
13 creatures vanquished.

Vanquished Creatures (others)
  2 two-headed ogres
  A hippogriff (D:7)
  A yak (D:9)
  An acid dragon (D:8)
  2 orc warriors
  An ogre (D:6)
  An orc priest (D:6)
  An iguana (D:6)
  An orc wizard (D:6)
11 creatures vanquished.

Grand Total: 201 creatures vanquished

Notes
Turn   | Place    | Note
-------+----------+-------------------------------------------
     0 | Abyss:1  | vatarom the Demonspawn Abyssal Knight began the quest for the Orb.
     0 | Abyss:1  | Reached XP level 1. HP: 18/18 MP: 2/2
    13 | D:1      | Escaped the Abyss
   149 | D:1      | Reached skill level 1 in Dodging
   197 | D:1      | Gained mutation: You are partially covered in icy blue scales. (AC +2) [demonic ancestry]
   197 | D:1      | Reached XP level 2. HP: 18/24 MP: 4/4
   254 | D:1      | Reached skill level 3 in Invocations
   549 | D:1      | Reached ** piety under Lugonu
   703 | D:2      | Found a shattered altar of Ashenzari.
   767 | D:2      | Gained mutation: Scrolls take you a little longer to read. [potion of mutation]
   767 | D:2      | Gained mutation: Your system is resistant to poisons. (rPois) [potion of mutation]
   767 | D:2      | Gained mutation: You possess an exceptional clarity of mind. [potion of mutation]
   771 | D:2      | Found a sacrificial altar of Ru.
   783 | D:2      | Gained mutation: A weak demonic guardian rushes to your aid. [demonic ancestry]
   783 | D:2      | Reached XP level 3. HP: 27/29 MP: 5/5
   975 | D:2      | Found a faded altar of an unknown god.
  1227 | D:2      | Reached skill level 4 in Invocations
  1280 | D:2      | Reached XP level 4. HP: 27/35 MP: 7/7
  1410 | D:2      | Found a white marble altar of Elyvilon.
  1685 | D:3      | Noticed Tiareth's ghost (amateur DEWr)
  1723 | D:3      | Killed Tiareth's ghost
  1749 | D:3      | Found a blossoming altar of Fedhas.
  1752 | D:3      | Found a sparkling altar of Nemelex Xobeh.
  1755 | D:3      | Found a hazy altar of Hepliaklqana.
  1758 | D:3      | Found an ancient bone altar of Kikubaaqudgha.
  1925 | D:3      | Reached XP level 5. HP: 41/41 MP: 8/8
  2326 | D:4      | Reached skill level 5 in Invocations
  2532 | D:4      | Reached XP level 6. HP: 13/47 MP: 10/10
  2790 | D:4      | Reached *** piety under Lugonu
  3231 | D:4      | Found a staircase to the Ecumenical Temple.
  3248 | Temple   | Entered the Ecumenical Temple
  3635 | D:5      | Entered Level 5 of the Dungeon
  3661 | D:5      | Reached skill level 6 in Invocations
  4060 | D:5      | Noticed an ice beast
  4067 | D:5      | Killed an ice beast
  4067 | D:5      | Gained mutation: You are mostly covered in icy blue scales. (AC +3) [demonic ancestry]
  4067 | D:5      | Reached XP level 7. HP: 51/52 MP: 10/12
  4138 | D:5      | Reached skill level 7 in Invocations
  4506 | D:5      | Reached skill level 5 in Long Blades
  4667 | D:5      | Found a snail-covered altar of Cheibriados.
  5354 | D:6      | Reached skill level 8 in Invocations
  5359 | D:6      | Gained mutation: You are immune to rotting. [demonic ancestry]
  5359 | D:6      | Reached XP level 8. HP: 40/58 MP: 12/14
  6243 | D:7      | Lost mutation: Scrolls take you a little longer to read. [potion of mutation]
  6243 | D:7      | Lost mutation: You possess an exceptional clarity of mind. [potion of mutation]
  6243 | D:7      | Gained mutation: You are clumsy. (Dex -2) [potion of mutation]
  6243 | D:7      | Gained mutation: You have sharp toenails. [potion of mutation]
  6334 | D:7      | Noticed Joseph
  6338 | D:7      | Banished Joseph
  6338 | D:7      | Reached skill level 9 in Invocations
  6856 | D:7      | Noticed a hippogriff
  6856 | D:7      | Banished a hippogriff
  6876 | D:7      | Noticed Pikel
  6887 | D:7      | Banished Pikel
  6887 | D:7      | Reached skill level 5 in Dodging
  6887 | D:7      | Reached skill level 10 in Invocations
  6887 | D:7      | Gained mutation: You may emit foul miasma when damaged in melee. [demonic ancestry]
  6887 | D:7      | Reached XP level 9. HP: 54/63 MP: 16/16
  8097 | D:8      | Noticed Maurice
  8101 | D:8      | Banished Maurice
  8128 | D:8      | Lost mutation: You have sharp toenails. [potion of mutation]
  8128 | D:8      | Lost mutation: Your system is resistant to poisons. (rPois) [potion of mutation]
  8128 | D:8      | Gained mutation: You occasionally shout uncontrollably at your foes. [potion of mutation]
  8128 | D:8      | Gained mutation: Your flesh is heat resistant. (rF+) [potion of mutation]
  8128 | D:8      | Gained mutation: Armour fits poorly on your strangely shaped body. [potion of mutation]
  8128 | D:8      | Gained mutation: Your spells are a little harder to cast, but a little more powerful. [potion of mutation]
  8230 | D:8      | Reached skill level 11 in Invocations
  8532 | D:8      | Noticed a two-headed ogre
  8540 | D:8      | Banished a two-headed ogre
  9760 | D:8      | Reached XP level 10. HP: 25/70 MP: 18/18
 10652 | D:9      | Reached skill level 12 in Invocations
 10802 | D:9      | Noticed a two-headed ogre
 10803 | D:9      | Banished a two-headed ogre
 11572 | D:9      | Slain by a yak

Skill      XL: |  1  2  3  4  5  6  7  8  9 10 |
---------------+-------------------------------+-----
Dodging        | 1 2 3 5 6 7 |  7.9
Long Blades    | 2 3 4 5 7 8 |  8.2
Invocations    | 3 4 5 6 8 10 11 12 | 12.8
Fighting       | |  3.0
Armour         | |  1.7

Action                   |  1- 3 |  4- 6 |  7- 9 | 10-12 || total
-------------------------+-------+-------+-------+-------++-------
Melee: Falchion          |   113 |    96 |       |       ||   209
       Glaive            |       |     4 |       |       ||     4
       Long sword        |       |   101 |   463 |   170 ||   734
       Kick              |       |       |    33 |       ||    33
       Unarmed           |       |       |     2 |       ||     2
Invok: Bend Space        |       |     1 |       |       ||     1
       Banish            |       |       |    15 |     2 ||    17
Evoke: Wand              |       |       |       |     1 ||     1
  Use: Scroll            |     8 |     1 |     9 |       ||    18
       Potion            |     3 |     5 |     4 |     8 ||    20
 Stab: Sleeping          |       |     1 |       |       ||     1
       Distracted        |       |     1 |     1 |       ||     2
  Eat: Chunk             |     1 |     7 |     1 |     4 ||    13
       Ration            |       |     1 |     7 |       ||     8
Armor: Leather armour    |    43 |    55 |   170 |    26 ||   294
       Skin              |       |       |     1 |       ||     1
Dodge: Dodged            |    73 |   113 |   367 |   113 ||   666
Block: Other             |       |       |    36 |    12 ||    48
       Reflection        |       |       |     2 |       ||     2
       Rpst.: Falchion   |    24 |    14 |       |       ||    38
       Long sword        |       |    19 |   122 |    33 ||   174
